 Dungeon Crawl Stone Soup version 0.29-a0-334-gb41bcbb86e (webtiles) character file.

Game seed: 15023353201999186040

1631 rageheart7 the Magician (level 8, 0/67 HPs)
             Began as a Demigod Earth Elementalist on Apr 14, 2022.
             Slain by a sky beast (6 damage)
             ... on level 5 of the Dungeon.
             The game lasted 00:11:07 (5258 turns).

rageheart7 the Magician (DgEE)                      Turns: 5258, Time: 00:11:07

Health: 0/67       AC:  6    Str:  9    XL:     8   Next: 38%
Magic:  12/21      EV: 12    Int: 31    God:
Gold:   317        SH:  0    Dex: 14    Spells: 11/20 levels left

rFire   . . .      SeeInvis .   m - staff of death
rCold   . . .      Faith    .   (no shield)
rNeg    + . .      Spirit   .   b - +0 robe
rPois   .          Reflect  .   (no helmet)
rElec   .          Harm     .   (no cloak)
rCorr   .          Rampage  .   (no gloves)
Will    .....                   (no boots)
Stlth   ++........              (no amulet)
HPRegen 0.21/turn               u - +6 ring of intelligence
MPRegen 0.17/turn               t - +4 ring of protection

@: no status effects
A: high MP 1, forlorn, divine attributes
a: no special abilities


You were on level 5 of the Dungeon.
You visited 1 branch of the dungeon, and saw 5 of its levels.

You collected 317 gold pieces.

Inventory:

Missiles
 a - 52 stones
 s - 2 throwing nets
Armour
 b - a +0 robe (worn)
Magical Staves
 m - a staff of death (weapon)
Jewellery
 d - an amulet of guardian spirit
 h - a ring of poison resistance
 t - a +4 ring of protection (right hand)
 u - a +6 ring of intelligence (left hand)
Scrolls
 g - a scroll of enchant armour
 k - a scroll of enchant weapon
 o - 2 scrolls of magic mapping
 q - a scroll of brand weapon {unknown}
 r - 2 scrolls of fog
Potions
 c - 3 potions of magic
 e - a potion of lignification
 f - 15 potions of curing
 i - 4 potions of heal wounds
 j - a potion of might {unknown}
 l - 2 potions of invisibility
 n - 2 potions of attraction
 p - a potion of brilliance
 v - a potion of flight {unknown}
 w - a potion of haste
 x - a potion of berserk rage {unknown}
 z - a potion of resistance {unknown}


   Skills:
 + Level 4.7 Fighting
 - Level 1.7 Dodging
 - Level 1.7 Stealth
 * Level 6.7 Spellcasting
 - Level 0.8 Transmutations
 + Level 5.7 Earth Magic


You had 11 spell levels left.
You knew the following spells:

 Your Spells              Type           Power      Damage    Failure   Level
a - Sandblast             Erth           92%        2d19      1%          1
b - Stone Arrow           Conj/Erth      56%        3d10      4%          3
c - Sublimation of Blood  Necr           15%        N/A       7%          2
d - Vampiric Draining     Necr           15%        2d7       14%         3

Your spell library contained the following spells:

 Spells                   Type           Power      Damage    Failure   Level
 Passwall                 Tmut/Erth      25%        N/A       1%          2
 Animate Skeleton         Necr           30%        N/A       4%          1
 Pain                     Necr           60%        1d7       4%          1
 Slow                     Hex            40%        N/A       4%          1
 Wereblood                Tmut           15%        N/A       4%          2
 Petrify                  Tmut/Erth      30%        N/A       12%         4
 Confusing Touch          Hex            10%        N/A       14%         3
 Summon Lightning Spire   Summ/Air       10%        N/A       41%         4
 Storm Form               Tmut/Air       6%         N/A       100%        7
 Summon Hydra             Summ           5%         N/A       100%        7
 Maxwell's Capacitive Co  Air            5%         ∞         100%        8


Dungeon Overview and Level Annotations

Branches:
Dungeon (5/15)             Temple (0/1) D:5


Innate Abilities, Weirdness & Mutations

You have an increased reservoir of magic. (+10% MP)
You shall have no god before yourself.
Your divine heritage dramatically boosts your attributes as you level up.


Message History

Confirm with . or Enter, or press ? or * to list all spells.
Aiming: Sandblast (safe; 1% risk of failure)
Press: ? - help, Shift-Dir - straight line, f - adder
Aim: an adder (72% to hit)
The blast of sand misses the adder.
Unknown command.
Something hits you. Something shocks you.
* * * LOW HITPOINT WARNING * * *
The adder misses you.
Casting: Sandblast (safe; 1% risk of failure)
Confirm with . or Enter, or press ? or * to list all spells.
Aiming: Sandblast (safe; 1% risk of failure)
Press: ? - help, Shift-Dir - straight line, f/p - adder
Aim: an adder (72% to hit)
The blast of sand misses the adder.
Something barely misses you. The adder bites you.
* * * LOW HITPOINT WARNING * * *
Unknown command.
Casting: Sandblast (safe; 1% risk of failure)
Confirm with . or Enter, or press ? or * to list all spells.
Aiming: Sandblast (safe; 1% risk of failure)
Press: ? - help, Shift-Dir - straight line, f/p - adder
Aim: an adder (72% to hit)
The blast of sand hits the adder!!
You kill the adder!
Something hits you.
* * * LOW HITPOINT WARNING * * *
Something shocks you.
* * * LOW HITPOINT WARNING * * *
Casting: Sandblast (safe; 1% risk of failure)
Confirm with . or Enter, or press ? or * to list all spells.
You don't know that spell.
Casting: Sandblast (safe; 1% risk of failure)
Confirm with . or Enter, or press ? or * to list all spells.
Aiming: Sandblast (safe; 1% risk of failure)
Press: ? - help, Shift-Dir - straight line The blast of sand hits something!
Something hits you.
* * * LOW HITPOINT WARNING * * *
Something shocks you.
You die...

.# .# #.# # .)##. #..
.## $... .## #. .. #..#
. #.#. #..# #.[###..#
#)....# #†#.?.# #
#.{@.#####.#
#...###.....#.# #.#.
##.###.#.#########
#...##..#.....##.......
..........#..#..^......
......#.....###........
#.....####.#.#.######..
###### #.##.## #..
#.#### #..


There were no monsters in sight!

Vanquished Creatures
  Prince Ribbit (D:5)
  Grinder (D:3)
  A steam dragon (D:5)
  Duvessa (D:5)
  An ogre (D:3)
  2 necrophages (D:5)
  A gnoll sergeant (D:5)
  2 scorpions (D:5)
  4 wights (D:5)
  Dowan (D:5)
  2 jellies
  2 hounds
  2 orc wizards (D:5)
  6 gnolls
  7 adders
  3 dart slugs
  8 orcs
  13 ball pythons
  8 endoplasms
  2 giant cockroaches
  15 goblins
  6 hobgoblins
  3 jackals (D:2)
  3 quokkas
  10 bats
  A frilled lizard (D:1)
  6 kobolds
  6 rats
118 creatures vanquished.

Notes
Turn   | Place    | Note
-------+----------+-------------------------------------------
     0 | D:1      | rageheart7 the Demigod Earth Elementalist began the quest
                  | for the Orb.
     0 | D:1      | Reached XP level 1. HP: 14/14 MP: 5/5
   162 | D:1      | Reached skill level 2 in Spellcasting
   420 | D:1      | Reached XP level 2. HP: 22/22 MP: 5/7
  1103 | D:2      | Reached skill level 1 in Fighting
  1174 | D:2      | Reached XP level 3. HP: 16/28 MP: 7/9
  2266 | D:3      | Noticed Grinder
  2267 | D:3      | Paralysed by Grinder for 5 turns
  2289 | D:3      | Killed Grinder
  2290 | D:3      | Reached skill level 3 in Spellcasting
  2290 | D:3      | Reached XP level 4. HP: 35/37 MP: 0/12
  2290 | D:3      | Reached XP level 5. HP: 40/42 MP: 0/14
  2698 | D:3      | Reached skill level 4 in Spellcasting
  3096 | D:3      | Noticed an ogre
  3114 | D:3      | Killed an ogre
  3115 | D:3      | Reached XP level 6. HP: 37/50 MP: 6/15
  3363 | D:3      | Learned a level 3 spell: Stone Arrow
  3366 | D:3      | Learned a level 2 spell: Sublimation of Blood
  3370 | D:3      | Learned a level 3 spell: Vampiric Draining
  4471 | D:5      | Entered Level 5 of the Dungeon
  4589 | D:5      | Found a staircase to the Ecumenical Temple.
  4596 | D:5      | Reached XP level 7. HP: 57/57 MP: 13/17
  4597 | D:5      | Reached skill level 5 in Spellcasting
  4597 | D:5      | Noticed Prince Ribbit
  4617 | D:5      | Killed Prince Ribbit
  4758 | D:5      | Reached skill level 5 in Earth Magic
  4895 | D:5      | Reached skill level 6 in Spellcasting
  4944 | D:5      | Reached XP level 8. HP: 66/66 MP: 17/20
  5031 | D:5      | Noticed Duvessa
  5032 | D:5      | Noticed Dowan
  5039 | D:5      | Killed Duvessa
  5044 | D:5      | Killed Dowan
  5258 | D:5      | Slain by a sky beast

Illustrated notes

Levels and vault maps discovered:
D:1:      amcnicky_arrival_choice, layout_rooms
D:2:      minmay_wonky_spiral, layout_rooms, minmay_close_crescents
D:3:      layout_basic, general_overflow_altar,
          mainiacjoe_overflow_six_doors_small,
          nicolae_ecumenical_snake_handling, minmay_ogre_servants, uniq_grinder
D:4:      layout_loops_cross, kennysheep_mini, grunt_decor_junction,
          hangedman_minor_gate_pass
D:5:      layout_loops_cross, temple_doors_e, chequers_serial_rivers_micro_a,
          minmay_starry_boxes, uniq_prince_ribbit1, uniq_duvessa

Skill      XL: |  1  2  3  4  5  6  7 |
---------------+----------------------+-----
Spellcasting   | 2 3 4 6 |  6.7
Earth Magic    | 3 4 5 |  5.7
Fighting       | 1 2 3 4 |  4.7
Dodging        | |  1.7
Stealth        | |  1.7
Transmutations | |  0.8

Action                   |  1- 3 |  4- 6 |  7- 9 || total
-------------------------+-------+-------+-------++-------
Melee: Club              |     9 |       |       ||     9
       Unarmed           |     3 |       |       ||     3
       Staff             |    50 |    76 |    11 ||   137
       Punch             |       |     2 |       ||     2
 Cast: Sandblast         |    60 |    48 |    41 ||   149
       Stone Arrow       |       |     3 |     8 ||    11
  Use: Scroll            |     2 |    13 |       ||    15
       Potion            |     1 |       |       ||     1
 Stab: Sleeping          |     4 |       |       ||     4
Armor: Robe              |    16 |    19 |     9 ||    44
       Skin              |     4 |       |       ||     4
Dodge: Dodged            |    59 |    56 |    15 ||   130

Table legend: (Time is in decaauts)
 A = Elapsed time spent in this place.
 B = Non-inter-level travel time spent in this place.
 C = Inter-level travel time spent in this place.
 D = Time resting spent in this place.
 E = Time spent auto-exploring this place.
 F = Levels seen in this place.
 G = Mean time per level.
                   A        B        C        D        E       F      G
               +--------+--------+--------+--------+--------+-----+--------+
         Total |   5285 |   5173 |    112 |     99 |   4274 |   5 | 1057.0 |
       Dungeon |   5285 |   5173 |    112 |     99 |   4274 |   5 | 1057.0 |
               +--------+--------+--------+--------+--------+-----+--------+

Top non-repeatable levels by time:
     D:3: 1468 daAuts
     D:4: 1086 daAuts
     D:1: 984 daAuts
     D:2: 957 daAuts
     D:5: 789 daAuts
